 Dungeon Crawl Stone Soup version 0.28-a0-850-g09de17f5b5 (webtiles) character file.

Game seed: 14758367744610471759

501 Htamos the Magician (level 6, 0/36 (38) HPs)
             Began as a Deep Elf Hedge Wizard on Nov 14, 2021.
             Slain by a gnoll (1 damage)
             ... on level 6 of the Dungeon.
             The game lasted 00:26:55 (6566 turns).

Htamos the Magician (Deep Elf Hedge Wizard)         Turns: 6566, Time: 00:26:57

HP:   0/36 (38)     AC:  6    Str:  6 (7)  XL:     6   Next: 95%
MP:   6/17          EV: 12    Int: 21      God:
Gold: 217           SH:  5    Dex: 14      Spells: 14/18 levels left

rFire   . . .      SeeInvis .   a - +0 dagger (venom)
rCold   . . .      Faith    .   o - +1 buckler
rNeg    . . .      Spirit   .   e - +0 leather armour
rPois   .          Reflect  .   c - +0 hat
rElec   .          Harm     .   f - +2 cloak
rCorr   .          Rampage  .   (no gloves)
Will    .....                   (no boots)
Stlth   ++........              (no amulet)
HPRegen 0.12/turn               (no ring)
MPRegen 0.15/turn               (no ring)

@: drained
A: antennae 1, beak, robust 1
a: no special abilities


You were on level 6 of the Dungeon.
You visited 1 branch of the dungeon, and saw 6 of its levels.

You collected 217 gold pieces.

Inventory:

Hand Weapons
 a - a +0 dagger of venom (weapon)
 d - a +0 hunting sling
 i - a +4 quarterstaff of chaos
 j - a +0 quarterstaff
Missiles
 k - 46 sling bullets
 u - 3 boomerangs
Armour
 b - a +0 robe
 c - a +0 hat (worn)
 e - a +0 leather armour (worn)
 f - a +2 cloak (worn)
 g - a +0 ring mail
 o - a +1 buckler (worn)
 t - a +0 chain mail
Jewellery
 h - a +4 ring of slaying
 l - a +6 ring of strength
 n - a ring of magical power
 r - a ring of willpower
Wands
 v - a wand of flame (13)
Scrolls
 m - a scroll of identify {@rr}
 p - a scroll of silence
 s - a scroll of noise


   Skills:
 + Level 1.7 Fighting
 + Level 1.5 Armour
 + Level 4.1 Dodging
 + Level 4.3 Stealth
 + Level 1.2 Shields
 * Level 6.6 Spellcasting
 + Level 2.7 Conjurations
 - Level 1.2 Summonings
 - Level 1.5 Translocations


You had 14 spell levels left.
You knew the following spells:

 Your Spells              Type           Power      Damage    Failure   Level
a - Magic Dart            Conj           72%        1d6       6%          1
b - Call Canine Familiar  Summ           12%        N/A       34%         3

Your spell library contained the following spells:

 Spells                   Type           Power      Damage    Failure   Level
 Blink                    Tloc           26%        N/A       17%         2
 Call Imp                 Summ           12%        N/A       19%         2
 Slow                     Hex            24%        N/A       21%         1
 Conjure Flame            Conj/Fire      12%        6-21      34%         3
 Mephitic Cloud           Conj/Pois/Air  10%        N/A       38%         3
 Portal Projectile        Hex/Tloc       20%        N/A       41%         3
 Leda's Liquefaction      Hex/Erth       3%         N/A       90%         4


Dungeon Overview and Level Annotations

Branches:
Dungeon (6/15)
 Temple: D:4-7

Altars:

Annotations:
D:3 Sigmund, Terence
D:5 Edmund


Innate Abilities, Weirdness & Mutations

You have a pair of small antennae on your head.
You have a beak for a mouth.
You are robust. (+10% HP)


Message History

Your body is wracked with pain!
* * * LOW HITPOINT WARNING * * *
The gnoll convulses! x2; It was a scroll of torment.
The gnoll hits you with a +0 whip.
* * * LOW HITPOINT WARNING * * *
Unknown command.
Okay, then.
Okay, then.
Casting: Magic Dart (safe; 6% risk of failure)
Confirm with . or Enter, or press ? or * to list all spells.
Aiming: Magic Dart (safe; 6% risk of failure)
Press: ? - help, Shift-Dir - straight line, f - gnoll
Aim: a gnoll, wielding a +0 flail (moderately wounded, 100% to hit)
The magic dart hits the gnoll.
The gnoll is severely wounded.
Casting: Magic Dart (safe; 6% risk of failure)
Confirm with . or Enter, or press ? or * to list all spells.
Aiming: Magic Dart (safe; 6% risk of failure)
Press: ? - help, Shift-Dir - straight line, f/p - gnoll
Aim: a gnoll, wielding a +0 flail (severely wounded, 100% to hit)
The magic dart hits the gnoll.
You kill the gnoll!
Casting: Magic Dart (safe; 6% risk of failure)
Confirm with . or Enter, or press ? or * to list all spells.
Aiming: Magic Dart (safe; 6% risk of failure)
Press: ? - help, Shift-Dir - straight line, f - gnoll
Aim: a gnoll, wielding a +0 whip (heavily wounded, 100% to hit)
The magic dart hits the gnoll.
The gnoll is severely wounded.
Casting: Magic Dart (safe; 6% risk of failure)
Confirm with . or Enter, or press ? or * to list all spells.
Aiming: Magic Dart (safe; 6% risk of failure)
Press: ? - help, Shift-Dir - straight line, f/p - gnoll
Aim: a gnoll, wielding a +0 whip (severely wounded, 100% to hit)
The magic dart hits the gnoll but does no damage.
The gnoll is severely wounded.
The gnoll hits you from afar with a +0 spear of freezing.
* * * LOW HITPOINT WARNING * * *
The gnoll freezes you.
You die...

##### ##.g@#
#.g### ##.##
##.## # ##.##
#. ##g### #.
##..# ##..
#..## .
.$...#####...#


You could see 2 gnolls.

Vanquished Creatures
  A necrophage (D:5)
  A phantom (D:6)
  A centaur zombie (D:5)
  Crazy Yiuf (D:5)
  An iguana (D:6)
  2 hound skeletons (D:5)
  A mummy (D:5)
  A gnoll (D:6)
  4 adders
  A shadow imp (D:6)
  A worm (D:2)
  A dart slug (D:2)
  An orc (D:4)
  6 ball pythons
  6 bats
  7 endoplasms
  6 giant cockroaches
  8 goblins
  2 hobgoblins
  7 jackals
  6 quokkas
  4 frilled lizards (D:1)
  2 hobgoblin zombies (D:5)
  4 kobolds (D:1)
  2 orc zombies (D:5)
  4 rats
81 creatures vanquished.

Vanquished Creatures (collateral kills)
  A centaur (D:6)
1 creature vanquished.

Vanquished Creatures (others)
  2 plants (D:1)
2 creatures vanquished.

Grand Total: 84 creatures vanquished

Notes
Turn   | Place    | Note
-------+----------+-------------------------------------------
     0 | D:1      | Htamos the Deep Elf Hedge Wizard began the quest for the
                  | Orb.
     0 | D:1      | Reached XP level 1. HP: 10/10 MP: 7/7
   143 | D:1      | Reached XP level 2. HP: 10/15 MP: 1/9
   894 | D:1      | Found a faded altar of an unknown god.
   975 | D:1      | Reached XP level 3. HP: 19/19 MP: 4/11
  1929 | D:2      | Reached skill level 5 in Spellcasting
  2124 | D:2      | You fall into a shaft and drop 1 floor!
  2392 | D:3      | Noticed Terence
  2514 | D:3      | Noticed Sigmund
  2632 | D:2      | Reached XP level 4. HP: 24/24 MP: 4/13
  3100 | D:2      | Gained mutation: You are robust. (+10% HP) [potion of
                  | mutation]
  3100 | D:2      | Gained mutation: You have a pair of small antennae on your
                  | head. [potion of mutation]
  3100 | D:2      | Gained mutation: You have a beak for a mouth. [potion of
                  | mutation]
  4087 | D:5      | Entered Level 5 of the Dungeon
  4087 | D:5      | Noticed Edmund
  4161 | D:5      | Found a runed translucent door.
  4189 | D:5      | Noticed Crazy Yiuf
  4197 | D:5      | Noticed an ogre
  4877 | D:5      | Reached skill level 1 in Fighting
  4877 | D:5      | Reached XP level 5. HP: 27/31 MP: 0/15
  5197 | D:5      | Killed Crazy Yiuf
  5233 | D:5      | Noticed a necrophage
  5272 | D:5      | Killed a necrophage
  5273 | D:5      | Reached skill level 1 in Armour
  5273 | D:5      | Reached skill level 6 in Spellcasting
  5273 | D:5      | Reached XP level 6. HP: 37/37 MP: 7/17
  5367 | D:5      | Learned a level 3 spell: Call Canine Familiar
  5802 | D:6      | Reached skill level 1 in Shields
  6566 | D:6      | HP: 1/36 [gnoll (2)]
  6566 | D:6      | Slain by a gnoll

Illustrated notes

Levels and vault maps discovered:
D:1:      tarquinn_simple_flora_water_a, layout_rooms,
          dreamdust_ecumenical_altar_angels_and_demons, minmay_tetromino_i4
D:2:      layout_loops_cross, hangedman_decor_opposing
D:3:      layout_loops_cross, uniq_terence, uniq_grinder, uniq_sigmund
D:4:      layout_cave_pools
D:5:      layout_loops_ring, minmay_mini_ossuary, uniq_crazy_yiuf_cottage,
          uniq_edmund
D:6:      layout_layer_cave

Skill      XL: |  1  2  3  4  5  6 |
---------------+-------------------+-----
Stealth        | 3 4 |  4.3
Dodging        | 3 4 |  4.1
Spellcasting   | 5 6 |  6.6
Conjurations   | 2 |  2.7
Fighting       | 1 |  1.7
Armour         | 1 |  1.5
Shields        | 1 |  1.2
Summonings     | |  1.2
Translocations | |  1.5

Action                   |  1- 3 |  4- 6 || total
-------------------------+-------+-------++-------
Melee: Dagger            |    30 |    56 ||    86
       Peck              |       |     8 ||     8
 Cast: Magic Dart        |   162 |   199 ||   361
       Call Canine Famil |       |     4 ||     4
  Use: Potion            |       |     7 ||     7
       Scroll            |       |    12 ||    12
 Stab: Sleeping          |       |     1 ||     1
Armor: Robe              |     4 |       ||     4
       Ring mail         |     9 |     9 ||    18
       Leather armour    |       |    32 ||    32
Dodge: Dodged            |    49 |    90 ||   139
Block: Buckler           |       |    18 ||    18

Table legend: (Time is in decaauts)
 A = Elapsed time spent in this place.
 B = Non-inter-level travel time spent in this place.
 C = Inter-level travel time spent in this place.
 D = Time resting spent in this place.
 E = Time spent auto-exploring this place.
 F = Levels seen in this place.
 G = Mean time per level.
                   A        B        C        D        E       F      G
               +--------+--------+--------+--------+--------+-----+--------+
         Total |   6559 |   6425 |    134 |    410 |   3852 |   6 | 1093.2 |
       Dungeon |   6559 |   6425 |    134 |    410 |   3852 |   6 | 1093.2 |
               +--------+--------+--------+--------+--------+-----+--------+

Top non-repeatable levels by time:
     D:2: 1439 daAuts
     D:5: 1413 daAuts
     D:1: 1383 daAuts
     D:6: 1057 daAuts
     D:4: 778 daAuts
     D:3: 486 daAuts
